 Dungeon Crawl Stone Soup version 0.24-a0-498-ge00f04a389 (webtiles) character file.

Game seed: 9736528216143878201

89860 Essalna the Fighter (level 15, 0/98 HPs)
             Began as a Gargoyle Wizard on July 14, 2019.
             Was the Champion of Ashenzari.
             Slain by Jorgrun
             ... wielding a +0 quarterstaff of crushing
              (9 damage)
             ... on level 14 of the Dungeon.
             The game lasted 02:19:54 (28119 turns).

Essalna the Fighter (Gargoyle Wizard)              Turns: 28119, Time: 02:19:54

Health: 0/98       AC: 24    Str: 10    XL:     15   Next: 98%
Magic:  26/31      EV: 22    Int: 26    God:    Ashenzari [******]
Gold:   808        SH:  5    Dex: 14    Spells: 11/38 levels left

rFire    + . .     SeeInvis +   i - +8 whip "Snakebite" {curare, rPois}
rCold    . . .     Gourm    .   g - +0 buckler
rNeg     + . .     Faith    .   u - +2 leather armour of the Hart {Regen+}
rPois    ∞         Spirit   .   c - +1 helmet {SInv} (curse)
rElec    +         Reflect  .   x - scarf {rC+ rF+} (curse)
rCorr    .         Harm     .   H - +1 pair of gloves of the Ditch-Digger {rC- Regen+ Stlth+} (curse)
MR       +....     Clarity  +   N - +2 pair of boots (curse)
Stlth    +++.......             G - amulet of the acrobat (curse)
HPRegen  1.06/turn              o - +5 ring of evasion (curse)
MPRegen  0.22/turn              J - +6 ring of dexterity (curse)

@: grasped by roots, flying, constricted, studying Fire Magic
A: big wings, negative energy resistance 1, electricity resistance, unbreathing,
petrification resistance, rot immunity, AC +11
a: Stop Flying, Curse Item, Scrying, Transfer Knowledge, Renounce Religion


You were on level 14 of the Dungeon.
You worshipped Ashenzari.
Ashenzari was exalted by your worship.
You were not hungry.

You visited 4 branches of the dungeon, and saw 23 of its levels.
You visited 1 bazaar.
You also visited: Bailey.

You collected 3043 gold pieces.
You spent 2235 gold pieces at shops.

Inventory:

Hand Weapons
 i - the +8 whip "Snakebite" (weapon) {curare, rPois}
   (You found it on level 4 of the Lair of Beasts)

   It poisons the flesh of those it strikes.
   It protects you from poison.
Armour
 c - a cursed +1 helmet of see invisible (worn)
 e - the +0 robe of Perpetual Drought {Int+4}
   (You bought it in a shop on level 1 of the Orcish Mines)

   It affects your intelligence (+4).
 g - a +0 buckler (worn)
 u - the +2 leather armour of the Hart (worn) {Regen+}
   (You found it on level 6 of the Dungeon)

   It increases your rate of regeneration.
 x - a cursed scarf of resistance (worn)
 H - the cursed +1 pair of gloves of the Ditch-Digger (worn) {rC- Regen+ Stlth+}
   (You found it on level 9 of the Dungeon)

   It makes you vulnerable to cold.
   It increases your rate of regeneration.
   It makes you more stealthy.
   It has a curse placed upon it.
 K - a +1 robe of resistance
 N - a cursed +2 pair of boots (worn)
Magical Staves
 M - an uncursed staff of summoning
Jewellery
 j - an uncursed ring of positive energy
 o - a cursed +5 ring of evasion (left hand)
 p - an uncursed amulet of rage
 C - the ring of Cirupleh {*Tele rN+ Dex+4}
   (You found it on level 12 of the Dungeon)

   [ring of teleportation]

   It may teleport you next to monsters.
   It affects your dexterity (+4).
   It protects you from negative energy.
 F - an uncursed ring of protection from cold
 G - a cursed amulet of the acrobat (around neck)
 J - a cursed +6 ring of dexterity (right hand)
 L - an uncursed ring of protection from cold
 T - an uncursed ring of resist corrosion
Wands
 a - a wand of flame (13)
 B - a wand of acid (12)
 I - a wand of paralysis (6)
 P - a wand of iceblast (12)
 X - a wand of disintegration (20)
Scrolls
 b - a scroll of brand weapon {unknown}
 k - 5 scrolls of fog
 l - 2 scrolls of remove curse
 r - a scroll of silence {unknown}
 w - a scroll of holy word
 y - 3 scrolls of enchant weapon
 A - 5 scrolls of identify
 D - 6 scrolls of teleportation
 O - 5 scrolls of enchant armour
 S - a scroll of fear
Potions
 f - 5 potions of curing
 h - 4 potions of lignification
 m - a potion of might
 n - a potion of berserk rage
 q - a potion of invisibility
 v - a potion of haste
 z - 4 potions of brilliance
 U - 2 potions of resistance
 W - a potion of magic
Books
 s - a manual of Fire Magic
Comestibles
 d - 35 rations
 E - 2 chunks of flesh


   Skills:
 + Level 13.1 Fighting
 + Level 7.2 Maces & Flails
 + Level 6.1 Armour
 + Level 10.5(13.3) Dodging
 - Level 2.1(4.4) Stealth
 + Level 3.3 Shields
 + Level 12.0 Spellcasting
 + Level 12.0(16.1) Conjurations
 + Level 4.0(8.2) Summonings
 - Level 0.8(3.1) Translocations
 + Level 12.2(16.3) Earth Magic


You had 11 spell levels left.
You knew the following spells:

 Your Spells              Type           Power        Failure   Level  Hunger
a - Magic Dart            Conj           ####         0%          1    None
b - Searing Ray           Conj           ######       0%          2    None
c - Blink                 Tloc           N/A          2%          2    None
d - Lee's Rapid Deconstr  Erth           #######...   1%          5    ###....
e - Orb of Destruction    Conj           #######...   6%          7    ######.
f - Spellforged Servitor  Conj/Summ      ######....   30%         7    ######.
g - Regeneration          Chrm/Necr      ###.......   12%         3    None

Your spell library contained the following spells:

 Spells                   Type           Power        Failure   Level  Hunger
 Sandblast                Erth           ######       0%          1    None
 Flame Tongue             Conj/Fire      #####        1%          1    None
 Call Imp                 Summ           ######..     1%          2    None
 Passwall                 Tmut/Erth      ######..     1%          2    None
 Throw Flame              Conj/Fire      ######       1%          2    None
 Conjure Flame            Conj/Fire      ######..     1%          3    None
 Dazzling Spray           Conj/Hex       ######       1%          3    None
 Mephitic Cloud           Conj/Pois/Air  #####...     1%          3    None
 Recall                   Summ/Tloc      N/A          1%          3    None
 Stone Arrow              Conj/Erth      ######       1%          3    None
 Force Lance              Conj/Tloc      ######..     1%          4    None
 Fulminant Prism          Conj/Hex       ######....   1%          4    None
 Iskenderun's Mystic Bla  Conj           #######.     1%          4    None
 Leda's Liquefaction      Hex/Erth       ######....   1%          4    None
 Petrify                  Tmut/Erth      ######..     1%          4    None
 Sticky Flame             Conj/Fire      ######..     1%          4    None
 Bolt of Magma            Conj/Fire/Erth ######....   1%          5    ###....
 Iron Shot                Conj/Erth      #######...   1%          6    #####..
 Confusing Touch          Hex            ###...       4%          1    None
 Corona                   Hex            ###....      4%          1    None
 Gell's Gravitas          Tloc           ####......   4%          3    None
 Aura of Abjuration       Summ           ######....   4%          5    ###....
 Fireball                 Conj/Fire      ######....   4%          5    ###....
 Iskenderun's Battlesphe  Conj/Chrm      ######..     4%          5    ###....
 Summon Demon             Summ           ######....   4%          5    ###....
 Venom Bolt               Conj/Pois      ######....   4%          5    ###....
 Slow                     Hex            ###.....     6%          2    None
 Portal Projectile        Hex/Tloc       ####..       8%          3    None
 Confuse                  Hex            ###.....     12%         3    None
 Inner Flame              Hex/Fire       ###.....     12%         3    None
 Summon Forest            Summ/Tloc      #####.....   14%         5    ###....
 Summon Mana Viper        Hex/Summ       #####...     24%         5    ###....
 Shadow Creatures         Summ           N/A          26%         6    #####..
 Cause Fear               Hex            ###.......   36%         4    None
 Dispel Undead            Necr           ###.....     73%         5    ###....
 Metabolic Englaciation   Hex/Ice        ###.......   73%         5    ###....
 Yara's Violent Unravell  Hex/Tmut       ###.......   73%         5    ###....
 Simulacrum               Ice/Necr       ###.......   99%         6    #####..
 Sublimation of Blood     Necr           Unusable     N/A         2    N/A

Dungeon Overview and Level Annotations

Branches:
Dungeon (14/15)            Temple (0/1) D:6            Lair (6/6) D:10
 Shoals (0/4) Lair:3       Spider (0/4) Lair:3        Slime (0/5) Lair:6
    Orc (2/2) D:10            Elf (1/3) Orc:2        Vaults (0/5) D:13

Altars:
Ashenzari
Fedhas
Hepliaklqana
Kikubaaqudgha
Nemelex Xobeh
Okawaru
Ru
Trog
Vehumet
Yredelemnul
Zin
Beogh
Jiyva

Shops:
D:5 :   D:6 !%*[   D:8 =   D:9 *   D:12 ?%   D:14 !   Orc:1 **[((   Orc:2 =*[(
Elf:1 ((

Annotations:
D:5 Edmund
D:14 Jorgrun
Lair:1 exclusion: 2 oklob plants
Lair:2 exclusion: 4 oklob plants
Lair:3 Rupert
Lair:4 exclusion: oklob plant


Innate Abilities, Weirdness & Mutations

You are resistant to torment.
Your stone body is resilient. (AC +11)
You are immune to poison.
Your large and strong wings let you fly indefinitely.
You resist negative energy. (rN+)
You are resistant to electric shocks. (rElec)
You can survive without breathing.
You are immune to petrification.
You are immune to rotting.


Message History

Roots burst forth from the earth!
The grasping roots grab you! The grasping roots constrict you!
The wizard howls an incantation.
You feel troubled.
The roots' grasp on you weakens, but your attempt to escape fails.
The wizard gestures at you while chanting.
The bolt of cold hits you!!
* * * LOW HITPOINT WARNING * * *
The grasping roots constrict you.
Casting: Lee's Rapid Deconstruction (safe; 1% risk of failure)
Confirm with . or Enter, or press ? or * to list all spells.
Aiming: Lee's Rapid Deconstruction (safe; 1% risk of failure)
Press: ? - help, Dir - move target cursor A rock wall.
The wall shatters!
The blast of rock fragments hits Jorgrun!!
Jorgrun is moderately wounded.
Jorgrun says, "Yer just na down-ta-earth enough."
You die...

,>,, ** #......# *, ,
####'### #..# * * *##
#.## #. #.###'### #.#
#........#
######.#####.#.#####.#
#.%.....##...'...#...#
#....%..##@###.#.#####
#.......#g.# #.#... ,
#........#.# #.# ### *
* #......p...# #.. , ,
* * #.......####*### *
,+, ,{{ #.......# , ,
#####.### * * * * #.
*, *, , #.* *,**,,


You could see Jorgrun and a wizard.

Vanquished Creatures
  An orc warlord (Orc:2)
  Azrael (D:12)
  A deep elf death mage (Elf:1)
  A fire dragon (D:12)
  Josephine (D:14)
  2 vault guards (D:13)
  4 hydras
  A rakshasa (D:12)
  4 catoblepae
  2 centaur warriors (D:13)
  2 dancing weapons (Elf:1)
  4 two-headed ogres
  7 death yaks (Lair:6)
  An orc high priest (Orc:2)
  3 large abominations (Elf:1)
  Nergalle (Orc:2)
  3 deep elf knights (Elf:1)
  5 unseen horrors
  2 necromancers (Elf:1)
  15 deep elf magi (Elf:1)
  8 orc knights
  10 ugly things
  2 orc sorcerers
  4 cyclopes (D:12)
  3 manticores
  14 elephants
  7 black mambas
  4 spiny frogs (Lair:6)
  A gargoyle (D:12)
  A centaur zombie (D:11)
  2 kobold demonologists (D:13)
  A rime drake (Lair:4)
  9 komodo dragons
  4 trolls
  A polar bear (Lair:3)
  A hornet (Lair:3)
  6 blink frogs
  Grinder (D:6)
  6 hippogriffs
  A water elemental (Elf:1)
  2 shadows (D:12)
  An air elemental (Elf:1)
  4 wraiths (D:14)
  50 yaks
  A vampire (D:13)
  10 humans
  A wyvern (D:12)
  2 fire elementals
  2 hungry ghosts
  4 basilisks
  A vampire mosquito (D:12)
  10 wargs
  An acid dragon (D:12)
  20 water moccasins
  6 porcupines
  4 hell hounds (D:12)
  A black bear (shapeshifter) (Elf:1)
  2 phantoms
  3 sky beasts
  2 ice beasts
  35 orc warriors
  2 black bears
  13 wolves
  12 ogres
  13 centaurs
  13 crocodiles
  3 elf zombies (Elf:1)
  3 big kobolds
  An earth elemental (Elf:1)
  15 bullfrogs
  3 gnoll sergeants (D:6)
  8 scorpions
  8 wights
  3 killer bees (D:12)
  7 crimson imps
  5 howler monkeys
  2 quasits
  10 hounds
  4 gnoll shamans (D:6)
  17 orc priests
  2 bullfrog skeletons
  5 iguanas
  10 jellies
  20 orc wizards
  3 centaur skeletons
  6 worker ants
  A killer bee zombie (D:6)
  A bullfrog simulacrum (D:12)
  A hound skeleton (D:7)
  3 worker ant zombies
  23 gnolls
  18 adders
  4 shadow imps
  14 oozes
  An adder skeleton (D:4)
  5 worms
  2 dart slugs
  5 leopard geckos
  73 orcs
  3 ball pythons
  14 bats
  5 giant cockroaches
  7 goblins
  4 hobgoblins
  18 jackals
  11 kobolds
  3 quokkas
  4 frilled lizards
  A quokka zombie (D:6)
  4 rats
  A fungus (Lair:6)
  A plant (D:12)
724 creatures vanquished.

Vanquished Creatures (others)
  A wraith (D:12)
  A human (D:13)
  An orc wizard (Orc:2)
  A kobold (D:12)
  19 fungi
  15 plants
38 creatures vanquished.

Grand Total: 762 creatures vanquished

Notes
Turn   | Place    | Note
-------+----------+-------------------------------------------
     0 | D:1      | Essalna the Gargoyle Wizard began the quest for the Orb.
     0 | D:1      | Reached XP level 1. HP: 10/10 MP: 4/4
   355 | D:1      | Reached XP level 2. HP: 15/15 MP: 0/6
  1045 | D:2      | Reached XP level 3. HP: 13/19 MP: 2/8
  1457 | D:2      | Found a shattered altar of Ashenzari.
  1467 | D:2      | Became a worshipper of Ashenzari the Shackled
  1673 | D:2      | Reached XP level 4. HP: 24/24 MP: 4/9
  2075 | D:3      | Learned a level 2 spell: Searing Ray
  2158 | D:3      | Reached XP level 5. HP: 28/28 MP: 5/11
  2421 | D:3      | Found a blossoming altar of Fedhas.
  2422 | D:3      | Found an ancient bone altar of Kikubaaqudgha.
  3077 | D:4      | Noticed a phantom
  3099 | D:4      | Killed a phantom
  3099 | D:4      | Reached skill level 1 in Fighting
  3099 | D:4      | Reached XP level 6. HP: 34/34 MP: 2/13
  3728 | D:4      | Reached skill level 2 in Fighting
  3728 | D:4      | Reached skill level 5 in Spellcasting
  3781 | D:4      | Reached skill level 5 in Conjurations
  3781 | D:4      | Reached XP level 7. HP: 40/40 MP: 6/14
  3838 | D:5      | Entered Level 5 of the Dungeon
  4112 | D:5      | Found Rank's Book Boutique.
  4162 | D:5      | Found a hazy altar of Hepliaklqana.
  4276 | D:5      | Reached * piety under Ashenzari
  4526 | D:5      | Noticed Edmund
  4718 | D:6      | Found Xoacasoofo's General Store.
  4738 | D:6      | Found a radiant altar of Vehumet.
  4746 | D:6      | Reached skill level 3 in Fighting
  4875 | D:6      | Found Kaonanol's Food Shoppe.
  4880 | D:6      | Found Mamouzan's Distillery.
  4889 | D:6      | Bought a potion of flight for 33 gold pieces
  5007 | D:6      | Reached XP level 8. HP: 36/46 MP: 11/16
  5077 | D:6      | Noticed Grinder
  5096 | D:6      | Killed Grinder
  5244 | D:6      | Reached skill level 4 in Fighting
  5364 | D:6      | Got the uncursed leather armour of the Hart {Regen+}
  5375 | D:6      | Identified the +2 leather armour of the Hart {Regen+} (You
                  | found it on level 6 of the Dungeon)
  5557 | D:6      | Reached skill level 1 in Armour
  5799 | D:6      | Found a sparkling altar of Nemelex Xobeh.
  5869 | D:6      | Found a bloodstained altar of Trog.
  5872 | D:6      | Found a basalt altar of Yredelemnul.
  5890 | D:6      | Found Sierim's Armour Emporium.
  5959 | D:6      | Found a staircase to the Ecumenical Temple.
  5993 | D:6      | Reached XP level 9. HP: 53/53 MP: 11/18
  6168 | D:6      | Noticed a two-headed ogre
  6359 | D:6      | Reached skill level 5 in Fighting
  6647 | D:5      | Learned a level 2 spell: Blink
  7754 | D:7      | Reached ** piety under Ashenzari
  7851 | D:8      | Reached skill level 6 in Fighting
  7852 | D:8      | Reached skill level 5 in Dodging
  8076 | D:8      | Found Zazerr's Jewellery Emporium.
  8309 | D:8      | Reached XP level 10. HP: 48/61 MP: 11/21
  8489 | D:8      | Found a shattered altar of Ashenzari.
  8617 | D:8      | Found an iron altar of Okawaru.
  8737 | D:9      | Found an iron altar of Okawaru.
  9042 | D:9      | Found a sacrificial altar of Ru.
  9120 | D:9      | Found Yppu's Assorted Antiques.
  9134 | D:9      | Learned a level 5 spell: Lee's Rapid Deconstruction
  9137 | D:9      | Bought a scratched jade ring for 155 gold pieces
  9137 | D:9      | Bought a dented diamond amulet for 155 gold pieces
  9328 | D:9      | Reached skill level 7 in Fighting
  9426 | D:9      | Got the uncursed pair of gloves of the Ditch-Digger {rC-
                  | Regen+ Stlth+}
  9432 | D:9      | Identified the +1 pair of gloves of the Ditch-Digger {rC-
                  | Regen+ Stlth+} (You found it on level 9 of the Dungeon)
  9444 | D:9      | Bought a scroll of remove curse for 93 gold pieces
  9515 | D:9      | Reached skill level 1 in Earth Magic
  9587 | D:9      | Found a glowing silver altar of Zin.
  9657 | D:10     | Entered Level 10 of the Dungeon
  9700 | D:10     | Found a staircase to the Lair.
  9908 | D:10     | Noticed a two-headed ogre
 10513 | D:10     | Found a staircase to the Orcish Mines.
 10699 | D:10     | Reached skill level 8 in Fighting
 10796 | D:10     | Killed a two-headed ogre
 10796 | D:10     | Reached XP level 11. HP: 68/68 MP: 1/23
 11234 | D:10     | Killed an unseen horror
 11234 | D:10     | Reached skill level 5 in Earth Magic
 11361 | Lair:1   | Entered Level 1 of the Lair of Beasts
 11420 | Lair:1   | Noticed an oklob plant
 11458 | Lair:1   | Noticed an oklob plant
 11502 | Lair:1   | Reached *** piety under Ashenzari
 12378 | Lair:1   | Reached skill level 9 in Fighting
 13201 | Lair:2   | Noticed an oklob plant
 13202 | Lair:2   | Noticed an oklob plant
 13202 | Lair:2   | Noticed an oklob plant
 13202 | Lair:2   | Noticed an oklob plant
 14135 | Lair:2   | Reached XP level 12. HP: 77/77 MP: 13/25
 14637 | Lair:3   | Reached skill level 10 in Fighting
 14644 | Lair:3   | Noticed Rupert
 14662 | Lair:3   | Paralysed by Rupert for 5 turns
 14879 | Lair:3   | Reached **** piety under Ashenzari
 15158 | Lair:4   | Reached skill level 10 in Spellcasting
 15751 | Lair:4   | Found the +8 whip "Snakebite" {curare, rPois}
 15914 | Lair:4   | Noticed a six-headed hydra
 15918 | Lair:4   | Killed a six-headed hydra
 16145 | Lair:4   | Found a bloodstained altar of Trog.
 16732 | Lair:3   | Reached skill level 1 in Maces & Flails
 16755 | Lair:3   | Found a staircase to the Shoals.
 16822 | Lair:3   | Found a hole to the Spider Nest.
 16837 | Lair:3   | Reached XP level 13. HP: 84/84 MP: 27/27
 16879 | Lair:3   | Reached ***** piety under Ashenzari
 17316 | Lair:5   | Reached skill level 11 in Fighting
 18236 | Lair:6   | Entered Level 6 of the Lair of Beasts
 18236 | Lair:6   | Found a viscous altar of Jiyva.
 18236 | Lair:6   | Found a staircase to the Slime Pits.
 18463 | Lair:6   | Reached skill level 10 in Conjurations
 18689 | Lair:6   | Reached skill level 10 in Earth Magic
 19751 | Lair:6   | Gained mutation: Your large and strong wings let you fly
                  | indefinitely. [Gargoyle growth]
 19751 | Lair:6   | Reached XP level 14. HP: 88/91 MP: 8/29
 20668 | Orc:1    | Entered Level 1 of the Orcish Mines
 20732 | Orc:1    | Found Tizeehu's Antique Weapon Boutique.
 20736 | Orc:1    | Found a flagged portal.
 20746 | Bailey   | Entered a bailey
 20974 | Bailey   | Reached skill level 12 in Fighting
 20974 | Bailey   | Reached skill level 5 in Maces & Flails
 21496 | Orc:2    | Entered Level 2 of the Orcish Mines
 21496 | Orc:2    | Found a roughly hewn altar of Beogh.
 21917 | Orc:2    | Noticed Nergalle
 21932 | Orc:2    | Killed Nergalle
 22256 | Orc:2    | Found a roughly hewn altar of Beogh.
 22256 | Orc:2    | Noticed an orc warlord
 22602 | Orc:2    | Found Kujaiz's Antique Weapon Shoppe.
 22606 | Orc:2    | Found Niyxemy's Jewellery Shoppe.
 22616 | Orc:2    | Found Acsaakki's Antique Armour Shoppe.
 22630 | Orc:2    | Killed an orc warlord
 22800 | Orc:2    | Found a staircase to the Elven Halls.
 22871 | Orc:2    | Bought a runed helmet for 195 gold pieces
 22914 | Orc:2    | Found Uferhink's General Store.
 23111 | Orc:1    | Found Enyate's Armour Shop.
 23159 | Orc:1    | Found Hoamonau's Weapon Boutique.
 23183 | Orc:1    | Found Heyruguf's Assorted Antiques.
 23205 | Orc:1    | Found Duah's Assorted Antiques.
 23206 | Orc:1    | Bought a sheer robe for 159 gold pieces
 23216 | Orc:1    | Identified the +0 robe of Perpetual Drought {Int+4} (You
                  | bought it in a shop on level 1 of the Orcish Mines)
 23233 | Orc:1    | Bought a short jewelled staff for 312 gold pieces
 23233 | Orc:1    | Bought a small granite ring for 130 gold pieces
 23473 | Elf:1    | Entered Level 1 of the Elven Halls
 23511 | Elf:1    | Identified a scroll of acquirement
 23523 | Elf:1    | Learned a level 7 spell: Orb of Destruction
 23531 | Elf:1    | Learned a level 7 spell: Spellforged Servitor
 23559 | Elf:1    | Reached skill level 1 in Summonings
 23622 | Elf:1    | Reached skill level 10 in Dodging
 23815 | Elf:1    | Identified the Compendium of Black Rites
 23821 | Elf:1    | Learned a level 3 spell: Regeneration
 24198 | Elf:1    | Reached XP level 15. HP: 97/97 MP: 4/30
 24516 | Elf:1    | Found Vurumom's Weapon Shoppe.
 24521 | Elf:1    | Found Zeucoypn's Antique Weapon Shoppe.
 25567 | D:11     | Reached skill level 5 in Armour
 25719 | D:12     | Identified the ring of Cirupleh {*Tele rN+ Dex+4}
 25832 | D:12     | Reached skill level 1 in Shields
 25854 | D:12     | Found a flickering gateway to a bazaar.
 25861 | Bazaar   | Entered a bazaar
 25861 | Bazaar   | Found Wybal's Armour Emporium.
 25861 | Bazaar   | Found Sairaame's Book Shoppe.
 25861 | Bazaar   | Found Detut's Weapon Shoppe.
 25861 | Bazaar   | Found Urooh's Distillery.
 25861 | Bazaar   | Found Liquets's General Store.
 25876 | Bazaar   | Bought a manual of Fire Magic for 883 gold pieces
 25878 | Bazaar   | Bought a potion of heal wounds for 40 gold pieces
 25878 | Bazaar   | Bought a potion of haste for 80 gold pieces
 25979 | D:12     | Found Mikunirph's Food Boutique.
 26053 | D:12     | Found Haxam's Magic Scroll Shoppe.
 26644 | D:12     | Noticed Azrael
 26663 | D:12     | Killed Azrael
 27487 | D:13     | Reached skill level 13 in Fighting
 27530 | D:13     | Found a gate to the Vaults.
 27730 | D:14     | Found Eropyad's Distillery.
 27904 | D:14     | Noticed Josephine
 27913 | D:14     | Killed Josephine
 28100 | D:14     | Noticed Jorgrun
 28101 | D:14     | Reached ****** piety under Ashenzari
 28119 | D:14     | Slain by Jorgrun

Levels and vault maps discovered:
D:1:      nzn_arrival_depleted_hourglass, layout_basic
D:2:      layout_basic, lemuel_coloured_pillars_altar
D:3:      minmay_recursive_quarters, layout_loops_cross,
          grunt_temple_overflow_growth_and_decay, first_ration
D:4:      layout_rooms, minmay_fractal_squares_gapless_5
D:5:      layout_basic, lemuel_doored_altar, serial_shops, shop_coins,
          uniq_edmund
D:6:      layout_cave_pools, grunt_temple_overflow_diamond,
          minmay_temple_entry_purple_smoke, serial_gnoll_camp,
          gnoll_camp_mini_loothouse, gnoll_camp_mini_house,
          gnoll_camp_huts_basic, gnoll_camp_mini_sergeant,
          gnoll_camp_mini_basic, basic_altar, serial_shops, shop, shop_statue,
          nicolae_shop_trees, shop, serial_bayou_pond_a, uniq_grinder
D:7:      layout_loops_cross
D:8:      layout_loops_ring, kennysheep_little_box, serial_shops,
          nicolae_shop_statue_plus, evilmike_ruin_ashenzari
D:9:      layout_basic, lemuel_round_altar, marbit_many_paths, serial_shops,
          nicolae_shop_overgrown_old_shop, grunt_pizzeria, okawaru_trees_1
D:10:     layout_roguey, erik_lair_orcish_takeover, minmay_orc_entry_guard_dogs,
          st_stairs_12
D:11:     layout_rooms
D:12:     layout_roguey, serial_shops, freezing_bzr, nicolae_shop_trees,
          nicolae_shop_stone, minmay_stone_trees_medium,
          minmay_shattered_shrine, uniq_azrael
D:13:     layout_basic, ximxim_vaults_locker_room
D:14:     layout_roguey, serial_shops, nicolae_shop_window_shopping,
          minmay_misc_feat_alley, fedhas_altar_fruit_tree, uniq_josephine,
          uniq_jorgrun, uniq_snorg
Lair:1:   lemuel_slime, layout_long_grid, minmay_lair_oklob_chamber,
          grunt_megastairs_5
Lair:2:   dpeg_oklob_gauntlet, layout_concentric_octagons
Lair:3:   layout_hall_layers, shoals_dummy_entry,
          nicolae_spider_entry_non_spiders, uniq_rupert
Lair:4:   minmay_guarded_unrand_snakebite, layout_small_grid, basic_altar,
          lemuel_fruit_fields, serial_bayou_shore_b
Lair:5:   layout_cave_pods, guppyfry_lair_drakes, grunt_megastairs_2,
          infiniplex_staircase_pool
Lair:6:   evilmike_catoblepas_cave, layout_gridlike, slime_altar_1
Orc:1:    layout_caves, serial_shops, shop, shop, shop, shop, shop,
          enter_bailey_2
Orc:2:    grunt_orc_cross, layout_diamond_mine, basic_altar
Elf:1:    eino_elf_arrival_sip, layout_geoelf_octagon, minmay_elf_necromancy,
          minmay_shop_star

Skill      XL: |  1  2  3  4  5  6  7  8  9 10 11 12 13 14 15 |
---------------+----------------------------------------------+-----
Conjurations   | 2 3 4 5 6 8 9 10 11 12 | 12.0
Spellcasting   | 4 5 6 7 8 9 10 11 12 | 12.0
Fighting       | 1 2 3 4 6 8 9 10 11 12 13 | 13.1
Dodging        | 2 3 4 5 6 7 8 9 10 | 10.5
Armour         | 2 3 4 6 |  6.1
Earth Magic    | 4 7 9 10 11 12 | 12.2
Maces & Flails | 1 4 6 7 |  7.2
Summonings     | 2 4 |  4.0
Shields        | 3 |  3.3
Stealth        | |  2.1
Translocations | |  0.8

Action                   |  1- 3 |  4- 6 |  7- 9 | 10-12 | 13-15 || total
-------------------------+-------+-------+-------+-------+-------++-------
Melee: Short sword       |    31 |       |       |       |       ||    31
       Dagger            |    10 |    15 |   154 |   472 |       ||   651
       Whip              |       |       |       |    83 |  1217 ||  1300
 Cast: Magic Dart        |    61 |   114 |   161 |   200 |     6 ||   542
       Searing Ray       |       |     8 |    52 |   104 |    25 ||   189
       Lee's Rapid Decon |       |       |       |    31 |   140 ||   171
       Orb of Destructio |       |       |       |       |     7 ||     7
Invok: Curse Item        |       |       |     1 |     4 |     3 ||     8
 Abil: Fly               |       |       |       |       |     1 ||     1
  Use: Scroll            |       |       |    16 |     4 |     9 ||    29
       Potion            |       |       |     3 |     3 |    10 ||    16
 Stab: Sleeping          |       |       |       |     2 |    14 ||    16
       Distracted        |       |       |       |       |     2 ||     2
  Eat: Chunk             |     2 |     7 |    14 |    32 |    57 ||   112
       Ration            |       |       |       |     1 |       ||     1
Armor: Robe              |    18 |    19 |    12 |       |       ||    49
       Leather armour    |       |       |   149 |   435 |   394 ||   978
Dodge: Dodged            |    30 |    38 |   234 |   926 |  1307 ||  2535
Block: Buckler           |       |       |       |       |    89 ||    89

Table legend:
 A = Non-vault XP
 B = Vault XP
 C = Vault XP percentage of total XP
 D = Non-vault monster count
 E = Vault monster count
 F = Vault count percentage of total count
                 A         B        C        D         E       F
            +---------+---------+-------+---------+---------+-------
      Total |   77265 |   51107 |  39.8 |     496 |     226 |  31.3
            +---------+---------+-------+---------+---------+-------
        D:1 |      26 |       0 |   0.0 |      16 |       0 |   0.0
        D:2 |      72 |       0 |   0.0 |      12 |       0 |   0.0
        D:3 |     129 |      45 |  25.9 |      23 |      12 |  34.3
        D:4 |     404 |      46 |  10.2 |      14 |       3 |  17.6
        D:5 |     177 |       0 |   0.0 |       7 |       0 |   0.0
        D:6 |     947 |    1034 |  52.2 |      23 |      31 |  57.4
        D:7 |     861 |       0 |   0.0 |      21 |       0 |   0.0
        D:8 |    1106 |       0 |   0.0 |      18 |       0 |   0.0
        D:9 |     943 |     209 |  18.1 |      22 |       2 |   8.3
       D:10 |    3160 |    1356 |  30.0 |      22 |      13 |  37.1
       D:11 |    3147 |       0 |   0.0 |      20 |       0 |   0.0
       D:12 |    4688 |    8628 |  64.8 |      44 |      20 |  31.2
       D:13 |    8998 |    3765 |  29.5 |      39 |      11 |  22.0
       D:14 |    4498 |    1870 |  29.4 |       8 |       5 |  38.5
     Lair:1 |    3704 |     516 |  12.2 |      22 |      19 |  46.3
     Lair:2 |    4155 |       0 |   0.0 |      13 |       0 |   0.0
     Lair:3 |    3467 |     521 |  13.1 |      17 |       8 |  32.0
     Lair:4 |    8037 |    1691 |  17.4 |      29 |      11 |  27.5
     Lair:5 |    1033 |    1412 |  57.8 |       7 |       2 |  22.2
     Lair:6 |   11562 |   12153 |  51.2 |      39 |      23 |  37.1
      Orc:1 |    1675 |     675 |  28.7 |      19 |       3 |  13.6
      Orc:2 |    2423 |    7277 |  75.0 |      39 |      33 |  45.8
      Elf:1 |   12053 |    5844 |  32.7 |      22 |      12 |  35.3
     Bailey |       0 |    4065 | 100.0 |       0 |      18 | 100.0
            +---------+---------+-------+---------+---------+-------
